 Dungeon Crawl Stone Soup version 0.29-a0-2-g12fcac58f8 (webtiles) character file.

Game seed: 1176780616522409970

67 skittles the Sneak (level 4, 0/26 HPs)
             Began as a Kobold Brigand on Jan 27, 2022.
             Slain by a gnoll (3 damage)
             ... on level 2 of the Dungeon.
             The game lasted 00:03:37 (2132 turns).

skittles the Sneak (Kobold Brigand)                 Turns: 2132, Time: 00:03:38

Health: 0/26       AC:  3    Str:  8    XL:     4   Next: 38%
Magic:  4/4        EV: 14    Int: 12    God:
Gold:   50         SH:  5    Dex: 18    Spells: 3/3 levels left

rFire   . . .      SeeInvis .   a - +2 dagger
rCold   . . .      Faith    .   h - +0 buckler
rNeg    . . .      Spirit   .   b - +0 robe
rPois   .          Reflect  .   (no helmet)
rElec   .          Harm     .   c - +0 cloak
rCorr   .          Rampage  .   (no gloves)
Will    .....                   (no boots)
Stlth   +++++.....              (no amulet)
HPRegen 0.08/turn               (no ring)
MPRegen 0.09/turn               (no ring)

@: no status effects
A: small, no large weapons, nightstalker 3
a: no special abilities


You were on level 2 of the Dungeon.
You visited 1 branch of the dungeon, and saw 2 of its levels.

You collected 78 gold pieces.
You spent 28 gold pieces at shops.

Inventory:

Hand Weapons
 a - a +2 dagger (weapon)
 i - a +1 whip of venom
Missiles
 d - 8 poisoned darts (quivered)
 e - 6 curare-tipped darts
Armour
 b - a +0 robe (worn)
 c - a +0 cloak (worn)
 h - a +0 buckler (worn)
Scrolls
 g - a scroll of fear
 j - a scroll of blinking {unknown}
Potions
 f - a potion of attraction


   Skills:
 - Level 2.1 Fighting
 + Level 3.3 Short Blades
 - Level 2.1 Throwing
 * Level 2.6 Dodging
 * Level 6.7 Stealth


You had 3 spell levels left.
You didn't know any spells.
Your spell library was empty.

Dungeon Overview and Level Annotations

Branches:
Dungeon (2/15)

Altars:

Shops:
D:1 ?


Innate Abilities, Weirdness & Mutations

You are small and have problems with some larger weapons.
You are completely attuned to the shadows.


Message History

The gnoll closely misses you.
You hit the gnoll.
The gnoll is moderately wounded.
The gnoll misses you.
You hit the gnoll.
The gnoll is heavily wounded.
The gnoll hits you with a +0 flail.
You hit the gnoll.
The gnoll is severely wounded.
The gnoll closely misses you.
You closely miss the gnoll.
The gnoll is severely wounded.
The gnoll hits you with a +0 flail!
You hit the gnoll but do no damage.
The gnoll is severely wounded.
The gnoll misses you.
You hit the gnoll.
The gnoll is severely wounded.
The gnoll closely misses you.
You closely miss the gnoll.
The gnoll is severely wounded.
You block the gnoll's attack.
You barely miss the gnoll.
The gnoll is severely wounded.
The gnoll closely misses you.
You barely miss the gnoll.
The gnoll is severely wounded.
The gnoll completely misses you.
You hit the gnoll.
You kill the gnoll!
You hit the gnoll.
The gnoll is moderately wounded.
The gnoll hits you with a +0 club.
* * * LOW HITPOINT WARNING * * *
The gnoll hits you from afar with a +0 spear.
* * * LOW HITPOINT WARNING * * *
You barely miss the gnoll.
The gnoll is moderately wounded.
The gnoll hits you from afar with a +0 spear.
You die...

#.#.#.#.####..######.##
#.....#...........##...
###....###..†..........
####.# #(.....#.#.###
#.# #).....#.#.# # #.#
#......#.#.# # #.#
#......#.#.. #.# #@#
#g# #g# #.# #.#


You could see 2 gnolls.

Vanquished Creatures
  A gnoll (D:2)
  An adder (D:2)
  A dart slug (D:1)
  7 endoplasms
  3 goblins (D:1)
  3 hobgoblins (D:1)
  4 jackals (D:2)
  5 kobolds
  3 quokkas (D:1)
  3 ball pythons (D:1)
  4 bats
  2 frilled lizards
  5 rats
42 creatures vanquished.

Notes
Turn   | Place    | Note
-------+----------+-------------------------------------------
     0 | D:1      | skittles the Kobold Brigand began the quest for the Orb.
     0 | D:1      | Reached XP level 1. HP: 12/12 MP: 1/1
   202 | D:1      | Reached XP level 2. HP: 17/17 MP: 2/2
   353 | D:1      | Reached skill level 6 in Stealth
   743 | D:1      | Found Hucedagu's Magic Scroll Boutique.
   748 | D:1      | Bought a scroll of identify for 28 gold pieces
   845 | D:1      | Reached XP level 3. HP: 21/21 MP: 3/3
  1785 | D:2      | Reached XP level 4. HP: 26/26 MP: 4/4
  2132 | D:2      | Slain by a gnoll

Illustrated notes

Levels and vault maps discovered:
D:1:      denvon_arrival_planthouse, layout_loops_corners, serial_shops, shop
D:2:      layout_loops_cross, minmay_surrounded

Skill      XL: |  1  2  3 |
---------------+----------+-----
Stealth        | 6 |  6.7
Short Blades   | 3 |  3.3
Dodging        | 2 |  2.6
Fighting       | |  2.1
Throwing       | |  2.1

Action                   |  1- 3 |  4- 6 || total
-------------------------+-------+-------++-------
Melee: Dagger            |   102 |    37 ||   139
  Use: Scroll            |     2 |       ||     2
 Stab: Sleeping          |    20 |     5 ||    25
Armor: Robe              |    15 |     3 ||    18
Dodge: Dodged            |    50 |    25 ||    75
Block: Buckler           |     8 |     5 ||    13

Table legend: (Time is in decaauts)
 A = Elapsed time spent in this place.
 B = Non-inter-level travel time spent in this place.
 C = Inter-level travel time spent in this place.
 D = Time resting spent in this place.
 E = Time spent auto-exploring this place.
 F = Levels seen in this place.
 G = Mean time per level.
                   A        B        C        D        E       F      G
               +--------+--------+--------+--------+--------+-----+--------+
         Total |   2115 |   2071 |     44 |    327 |   1441 |   2 | 1057.5 |
       Dungeon |   2115 |   2071 |     44 |    327 |   1441 |   2 | 1057.5 |
               +--------+--------+--------+--------+--------+-----+--------+

Top non-repeatable levels by time:
     D:1: 1502 daAuts
     D:2: 613 daAuts
